 Dungeon Crawl Stone Soup version 0.28-a0-500-g121bc3e445 (webtiles) character file.

Game seed: 3281257869004424171

54 Demosthentine the Poker (level 3, -10/28 HPs)
             Began as a Merfolk Gladiator on Sept 20, 2021.
             Killed by divine providence
             ... invoked by an orc priest
              (16 damage)
             ... on level 3 of the Dungeon.
             The game lasted 00:01:10 (2381 turns).

Demosthentine the Poker (Merfolk Gladiator)         Turns: 2381, Time: 00:01:10

Health: -10/28     AC:  5    Str: 15    XL:     3   Next: 91%
Magic:  3/3        EV: 13    Int:  7    God:
Gold:   147        SH:  0    Dex: 15    Spells: 2/2 levels left

rFire   . . .      SeeInvis .   a - +0 trident
rCold   . . .      Faith    .   (no shield)
rNeg    . . .      Spirit   .   b - +0 leather armour
rPois   .          Reflect  .   c - +1 helmet
rElec   .          Harm     .   (no cloak)
rCorr   .          Rampage  .   (no gloves)
Will    .....                   (no boots)
Stlth   +.........              (no amulet)
HPRegen 0.09/turn               (no ring)
MPRegen 0.08/turn               (no ring)

@: no status effects
A: (nimble swimmer 2), mertail
a: no special abilities


You were on level 3 of the Dungeon.
You visited 1 branch of the dungeon, and saw 3 of its levels.

You collected 147 gold pieces.

Inventory:

Hand Weapons
 a - a +0 trident (weapon)
Missiles
 d - 4 throwing nets (quivered)
Armour
 b - a +0 leather armour (worn)
 c - a +1 helmet (worn)
Potions
 e - a potion of flight


   Skills:
 + Level 2.9 Fighting
 + Level 5.1 Polearms
 - Level 2.0 Throwing
 + Level 1.0 Armour
 + Level 4.6 Dodging


You had 2 spell levels left.
You didn't know any spells.
Your spell library contained the following spells:

 Spells                   Type           Power      Damage    Failure   Level
 Shock                    Conj/Air       0%         1d3       50%         1
 Gell's Gravitas          Tloc           0%         N/A       86%         3
 Lesser Beckoning         Tloc           0%         N/A       86%         3
 Swiftness                Air            0%         N/A       86%         3
 Teleport Other           Tloc           0%         N/A       86%         3
 Airstrike                Air            0%         N/A       99%         4


Dungeon Overview and Level Annotations

Branches:
Dungeon (3/15)

Altars:

Annotations:
D:3 3 runed translucent doors, speeev33's ghost, weakling HOFi


Innate Abilities, Weirdness & Mutations

((You are quick and stealthy near water. (Stealth+, EV+, Speed+++)))
Your lower body shifts to a powerful aquatic tail in water.


Message History

Aim: an orc priest, wielding a +0 club and wearing a +0 leather armour (about 40% to evade your +0 trident)
You reach to attack!
You hit the orc priest but do no damage.
The orc priest calls upon Beogh to heal the orc.
The orc's wounds heal themselves!
The orc hits you with a +0 whip.
* * * LOW HITPOINT WARNING * * *
Reach: a) +0 trident
Press: ? - help, Dir - move target, f/p - orc priest
Aim: an orc priest, wielding a +0 club and wearing a +0 leather armour (about 40% to evade your +0 trident)
You reach to attack!
You hit the orc priest.
The orc priest is moderately wounded.
The orc closely misses you.
Reach: a) +0 trident
Press: ? - help, Dir - move target, f - orc, p - orc priest
Aim: an orc, wielding a +0 whip and wearing a +0 ring mail (about 36% to evade your +0 trident)
You hit the orc but do no damage. The orc closely misses you.
Unknown command.
Reach: a) +0 trident
Press: ? - help, Dir - move target, f/p - orc
Aim: an orc, wielding a +0 whip and wearing a +0 ring mail (about 36% to evade your +0 trident)
You hit the orc.
The orc is heavily wounded.
The orc hits you with a +0 whip.
* * * LOW HITPOINT WARNING * * *
An orc wizard comes into view. It is wielding a +0 dagger.
Reach: a) +0 trident
Press: ? - help, Dir - move target, f - orc priest, p - orc
Aim: an orc priest, wielding a +0 club and wearing a +0 leather armour (moderately wounded, about 40% to evade your +0 trident)
The orc is in the way.
You hit the orc but do no damage.
The orc is heavily wounded.
The orc misses you.
Reach: a) +0 trident
Press: ? - help, Dir - move target, f/p - orc priest
Aim: an orc priest, wielding a +0 club and wearing a +0 leather armour (moderately wounded, about 40% to evade your +0 trident)
You reach to attack!
You hit the orc priest.
The orc priest is severely wounded.
The orc priest mumbles some strange prayers to Beogh against you.
Beogh smites you!
Ouch! That really hurt!
You die...

###########
..........#
..........########
.................#
..........######.#
..........# #.#
..........# #@#
..........# #o##
).........# #oo#
..........# ##l#
..........# ...
..#.####### ..##
.#..# o.# ...##
..# #..###### ...


You could see an orc priest, an orc wizard, 2 orcs and a frilled lizard.

Vanquished Creatures
  An ufetubus (D:2)
  2 dart slugs
  A worm (D:3)
  An orc (D:3)
  6 bats
  3 endoplasms
  3 giant cockroaches
  6 goblins
  2 hobgoblins
  A quokka (D:2)
  7 ball pythons
  A frilled lizard (D:3)
  2 kobolds
  5 rats
41 creatures vanquished.

Notes
Turn   | Place    | Note
-------+----------+-------------------------------------------
     0 | D:1      | Demosthentine the Merfolk Gladiator began the quest for the
                  | Orb.
     0 | D:1      | Reached XP level 1. HP: 16/16 MP: 1/1
   291 | D:1      | Found a faded altar of an unknown god.
   456 | D:1      | Reached XP level 2. HP: 23/23 MP: 2/2
  1279 | D:2      | Reached XP level 3. HP: 27/28 MP: 3/3
  1410 | D:2      | Reached skill level 5 in Polearms
  2080 | D:3      | Reached skill level 1 in Armour
  2314 | D:3      | Found a runed translucent gate.
  2315 | D:3      | Found a runed translucent gate.
  2315 | D:3      | Found a runed translucent gate.
  2315 | D:3      | Noticed speeev33's ghost (weakling HOFi)
  2381 | D:3      | Killed from afar by an orc priest

Illustrated notes

Levels and vault maps discovered:
D:1:      dpeg_arrival_castle, layout_loops_ring, ebering_ecumenical_altar_webs
D:2:      wander_river, layout_basic
D:3:      layout_rooms, fedhas_altar_4, ebering_ghost_rock_garden

Skill      XL: |  1  2  3 |
---------------+----------+-----
Polearms       | 5 |  5.1
Armour         | 1 |  1.0
Fighting       | |  2.9
Throwing       | |  2.0
Dodging        | |  4.6

Action                   || total
-------------------------++-------
Melee: Trident           ||   151
       Tailslap          ||     1
  Use: Scroll            ||     4
       Potion            ||     1
 Stab: Sleeping          ||     4
Armor: Leather armour    ||    38
Dodge: Dodged            ||    76

Table legend: (Time is in decaauts)
 A = Elapsed time spent in this place.
 B = Non-inter-level travel time spent in this place.
 C = Inter-level travel time spent in this place.
 D = Time resting spent in this place.
 E = Time spent auto-exploring this place.
 F = Levels seen in this place.
 G = Mean time per level.
                   A        B        C        D        E       F      G
               +--------+--------+--------+--------+--------+-----+--------+
         Total |   2353 |   2335 |     18 |      0 |   2027 |   3 |  784.3 |
       Dungeon |   2353 |   2335 |     18 |      0 |   2027 |   3 |  784.3 |
               +--------+--------+--------+--------+--------+-----+--------+

Top non-repeatable levels by time:
     D:2: 1285 daAuts
     D:1: 661 daAuts
     D:3: 406 daAuts
